 Dungeon Crawl Stone Soup version 0.21-a0-529-g8c7b3f5 (webtiles) character file.

57 slep the Chopper (level 4, -6/23 HPs)
             Began as a Vine Stalker Gladiator on Dec 10, 2017.
             Mangled by an orc
             ... wielding a +0 hand axe
              (7 damage)
             ... on level 3 of the Dungeon.
             The game lasted 00:04:27 (1676 turns).

slep the Chopper (Vine Stalker Gladiator)           Turns: 1676, Time: 00:04:28

Health: -6/23      AC:  6    Str: 16    XL:     4   Next: 0%
Magic:  0/5        EV: 13    Int:  8    God:
Gold:   128        SH:  0    Dex: 17    Spells: 3/3 levels left

rFire    . . .     SeeInvis .   a - +0 war axe
rCold    . . .     Gourm    .   (no shield)
rNeg     . . .     Faith    .   b - +0 leather armour
rPois    .         Spirit   +   c - +0 helmet
rElec    .         Reflect  .   (no cloak)
rCorr    +         Harm     .   (no gloves)
MR       .....                  k - +1 pair of boots
Stlth    +.........             (no amulet)
HPRegen  0.47/turn              q - ring of resist corrosion
MPRegen  0.09/turn              (no ring)

@: no status effects
A: fangs 2, regeneration 1, magic shield, antimagic bite, no potion heal 3, rot
immunity
a: no special abilities


You were on level 3 of the Dungeon.
You were hungry.

You visited 1 branch of the dungeon, and saw 3 of its levels.

You collected 128 gold pieces.

Inventory:

Hand Weapons
 a - a +0 war axe (weapon)
Missiles
 d - 3 throwing nets (quivered)
 n - 8 javelins
Armour
 b - a +0 leather armour (worn)
 c - a +0 helmet (worn)
 k - a +1 pair of boots (worn)
Jewellery
 q - a ring of resist corrosion (left hand)
Scrolls
 e - a scroll of remove curse {unknown}
 h - a scroll of blinking {unknown}
 m - 5 scrolls of identify {unknown}
 r - a scroll of noise {unknown}
 s - a scroll of enchant armour {unknown}
 t - 4 scrolls of fog {unknown}
 u - a scroll of fear {unknown}
Potions
 l - a potion of curing {unknown}
 o - a potion of heal wounds {unknown}
 p - 2 potions of lignification {unknown}
Comestibles
 f - 3 bread rations
 g - 6 fruits
 i - 2 meat rations
 j - 2 royal jellies


   Skills:
 + Level 2.1 Fighting
 + Level 3.4 Axes
 + Level 1.9 Throwing
 + Level 0.5 Armour
 + Level 2.9 Dodging
 + Level 0.3 Stealth


You had 3 spell levels left.
You didn't know any spells.

Dungeon Overview and Level Annotations

Branches:
Dungeon (3/15)

Altars:


Innate Abilities, Weirdness & Mutations

You have extremely sharp teeth.
Your natural rate of healing is unusually fast.
When hurt, damage is shared between your health and your magic reserves.
Your bite disrupts and absorbs the magic of your enemies.
Potions cannot restore your health.
You are immune to rotting.


Message History

You drain its magic.
You feel invigorated.
The orc wizard is moderately wounded.
You miss something. You closely miss the orc. The orc wizard misses you.
Something hits you but does no damage. The orc hits you with a hand axe.
* * * LOW HITPOINT WARNING * * *
The orc wizard hits you with a dagger.
You closely miss the orc wizard.
You bite the orc wizard, but do no damage.
The orc wizard is moderately wounded.
You hit the orc. You closely miss something. The orc wizard barely misses you.
The orc misses you. Something hits you.
* * * LOW HITPOINT WARNING * * *
Unknown command.
You slash the orc wizard!
The orc wizard is almost dead.
You hit something but do no damage. You barely miss the orc.
An orc wizard appears from thin air!
Reactivating autopickup.
The orc wizard falters for a moment.
The orc hits you with a hand axe!
You die... ..... #...# #...# #...# #...# #...# #ooo#

#)@.#
#...#
#...#
....#
##...#
....#
#...#
#...#


You could see 2 orc wizards and an orc.

Vanquished Creatures
  An ooze (D:1)
  A worm (D:2)
  A dart slug (D:1)
  2 leopard geckos
  2 orcs (D:3)
  3 giant cockroaches
  6 goblins
  4 kobolds (D:1)
  A quokka (D:3)
  12 bats
  3 frilled lizards
  8 rats
44 creatures vanquished.

Notes
Turn   | Place    | Note
-------+----------+-------------------------------------------
     0 | D:1      | slep the Vine Stalker Gladiator began the quest for the Orb.
     0 | D:1      | Reached XP level 1. HP: 11/11 MP: 2/2
    28 | D:1      | Reached skill level 3 in Axes
    28 | D:1      | Reached XP level 2. HP: 15/15 MP: 3/3
   366 | D:1      | Reached XP level 3. HP: 11/18 MP: 4/4
  1672 | D:3      | Gained mutation: Your natural rate of healing is unusually fast. [Vine Stalker growth]
  1672 | D:3      | Reached XP level 4. HP: 7/23 MP: 3/5
  1674 | D:3      | HP: 1/23 [orc/hand axe (3)]
  1676 | D:3      | Mangled by an orc

Vault maps used:
D:1:      dpeg_arrival_tiny_a, minmay_bisected
D:2:      st_stairs_6
D:3:      first_bread, chequers_ecumenical_altar_lobes, minmay_rat_hole

Skill      XL: |  1  2 |
---------------+-------+-----
Axes           | 3 |  3.4
Fighting       | 2 |  2.1
Throwing       | |  1.9
Armour         | |  0.5
Dodging        | |  2.9
Stealth        | |  0.3

Action                   |  1- 3 |  4- 6 || total
-------------------------+-------+-------++-------
Melee: War axe           |    98 |     4 ||   102
       Bite              |    24 |     3 ||    27
 Stab: Sleeping          |     7 |       ||     7
  Eat: Chunk             |     2 |       ||     2
Armor: Leather armour    |    46 |     3 ||    49
Dodge: Dodged            |    85 |     4 ||    89

Table legend:
 A = Spawn XP
 B = Non-spawn XP
 C = Spawn XP percentage of total XP
 D = Spawn monster count
 E = Non-spawn monster count
 F = Spawn count percentage of total count
 G = Total turns spent on level
                    A         B        C        D         E        F      G
               +---------+---------+-------+---------+---------+-------+---------
         Total |       0 |      82 |   0.0 |       0 |      44 |   0.0 |  1676
               +---------+---------+-------+---------+---------+-------+---------
           D:1 |       0 |      51 |   0.0 |       0 |      28 |   0.0 |   800
           D:2 |       0 |      23 |   0.0 |       0 |      13 |   0.0 |   857
           D:3 |       0 |       8 |   0.0 |       0 |       3 |   0.0 |    19
               +---------+---------+-------+---------+---------+-------+---------
